 Dungeon Crawl Stone Soup version 0.26-a0-708-g17f3b19 (webtiles) character file.

Game seed: 5368060741823449038

52 BarneyGumball the Sneak (level 3, -3/33 HPs)
             Began as a Deep Dwarf Delver on Oct 29, 2020.
             Killed from afar by an orc wizard (5 damage)
             ... with a magic dart
             ... on level 5 of the Dungeon.
             The game lasted 00:01:42 (136 turns).

BarneyGumball the Sneak (Deep Dwarf Delver)          Turns: 136, Time: 00:01:42

Health: -3/33      AC:  3    Str: 16    XL:     3   Next: 60%
Magic:  3/3        EV: 12    Int: 10    God:
Gold:   0          SH:  0    Dex: 14    Spells: 2/2 levels left

rFire    . . .     SeeInvis .   a - +0 hand axe
rCold    . . .     Faith    .   (no shield)
rNeg     . . .     Spirit   .   b - +0 leather armour
rPois    .         Reflect  .   (no helmet)
rElec    .         Harm     .   (no cloak)
rCorr    .         Rampage  .   (no gloves)
MR       .....                  (no boots)
Stlth    +++.......             (no amulet)
HPRegen  0.00/turn              (no ring)
MPRegen  0.08/turn              (no ring)

@: non-regenerating, hasted, very quick
A: damage resistance, heal wounds, sense surroundings 1, no regeneration
a: Heal Wounds


You were on level 5 of the Dungeon.
You visited 1 branch of the dungeon, and saw 2 of its levels.

Inventory:

Hand Weapons
 a - a +0 hand axe (weapon)
 i - a +2 hunting sling of freezing
Armour
 b - a +0 leather armour (worn)
 k - a +0 ring mail
Wands
 g - a wand of digging (3)
Scrolls
 c - a scroll of fog
 d - a scroll of magic mapping
 e - 2 scrolls of fear
 h - a scroll of silence {unknown}
 j - a scroll of teleportation {unknown}


   Skills:
 - Level 2.6 Fighting
 + Level 4.4 Axes
 - Level 2.1 Dodging
 - Level 6.0 Stealth


You had 2 spell levels left.
You didn't know any spells.
Your spell library was empty.

Dungeon Overview and Level Annotations

Branches:
Dungeon (5/15)
 Temple: D:4-7

Altars:


Innate Abilities, Weirdness & Mutations

You are resistant to damage.
You can heal yourself by infusing magical energy.
You passively map a small area around you.
You do not regenerate.


Message History

* * * LOW HITPOINT WARNING * * *
The orc wizard closely misses you.
You closely miss the orc wizard.
The orc wizard is severely wounded.
The orc wizard barely misses you.
The orc wizard gestures wildly while chanting.
The orc wizard blinks!
You feel yourself speed up.
You feel yourself speed up.
The orc wizard gestures at you while chanting.
The magic dart hits you.
Found 2 bubbling clear potions.
The orc wizard gestures at you while chanting.
The magic dart hits you.
* * * LOW HITPOINT WARNING * * *
You hit the orc wizard.
The orc wizard is severely wounded.
The orc wizard points at you and mumbles some strange words.
The magic dart hits you.
You die...

.......#...................#
.....#.....................#
......#.......).............*
.........##.#..<)...........,
.........####.........######
....# #.........## * , .. **
##..........#* , ,
*#...........# , ,
#...o@....(.....
.................!
................... ,,
...................
...###............. #.
##........... * .,*
##........ * #...... ,


You could see an orc wizard.

Vanquished Creatures
  A howler monkey (D:4)
  An adder (D:4)
  2 orcs (D:5)
  A quokka (D:4)
5 creatures vanquished.

Notes
Turn   | Place    | Note
-------+----------+-------------------------------------------
     0 | D:5      | BarneyGumball the Deep Dwarf Delver began the quest for the
                  | Orb.
     0 | D:5      | Reached XP level 1. HP: 20/20 MP: 1/1
    34 | D:5      | Noticed an orc wizard
    43 | D:4      | Noticed a howler monkey
    73 | D:4      | Killed a howler monkey
    73 | D:4      | Reached XP level 2. HP: 25/27 MP: 2/2
    73 | D:4      | Reached XP level 3. HP: 31/33 MP: 3/3
   136 | D:5      | Killed from afar by an orc wizard

Illustrated notes

Levels and vault maps discovered:
D:4:      layout_loops_ring, minmay_temple_entry_stoned_glass,
          okawaru_gym_becter, uniq_crazy_yiuf_cottage
D:5:      black_bear_nest_2, layout_layer_cave, serial_bayou_pond_b

Skill      XL: |  1 |
---------------+----+-----
Axes           | 4 |  4.4
Fighting       | |  2.6
Dodging        | |  2.1
Stealth        | |  6.0

Action                   || total
-------------------------++-------
Melee: Hand axe          ||    55
  Use: Potion            ||     1
 Stab: Sleeping          ||     1
       Distracted        ||     1
Armor: Leather armour    ||    10
Dodge: Dodged            ||    39

Table legend: (Time is in decaauts)
 A = Elapsed time spent in this place.
 B = Non-inter-level travel time spent in this place.
 C = Inter-level travel time spent in this place.
 D = Time resting spent in this place.
 E = Time spent auto-exploring this place.
 F = Levels seen in this place.
 G = Mean time per level.
                   A        B        C        D        E       F      G
               +--------+--------+--------+--------+--------+-----+--------+
         Total |    148 |    148 |      0 |      0 |      0 |   2 |   74.0 |
       Dungeon |    148 |    148 |      0 |      0 |      0 |   2 |   74.0 |
               +--------+--------+--------+--------+--------+-----+--------+

Top non-repeatable levels by time:
     D:5: 89 daAuts
     D:4: 59 daAuts
